 Dungeon Sprint DCSS version 0.23.0 (webtiles) character file.

Game seed: 12025339823527639371

1972 nuthulu the Grappler (level 9, -14/135 HPs)
             Began as a Troll Berserker on Feb 16, 2019.
             Was a High Priest of Trog.
             Demolished by a polar bear (20 damage)
             ... in the Dungeon (Sprint II: "The Violet Keep of Menkaure").
             The game lasted 00:01:30 (383 turns).

nuthulu the Grappler (Troll Berserker)               Turns: 383, Time: 00:01:31

Health: -14/135    AC:  6    Str: 33    XL:     9   Next: 0%
Magic:  8/8        EV: 14    Int:  1    God:    Trog [*****.]
Gold:   972        SH:  0    Dex: 11    Spells: 8/8 levels left

rFire    . . .     SeeInvis .     - Unarmed
rCold    . . .     Gourm    +   (no shield)
rNeg     . . .     Faith    .   a - +0 animal skin
rPois    .         Spirit   .   (helmet restricted)
rElec    .         Reflect  .   (no cloak)
rCorr    .         Harm     .   (gloves unavailable)
MR       .....     NoTele   +   (boots unavailable)
Stlth    ..........             (no amulet)
HPRegen  0.72/turn              (no ring)
MPRegen  0.11/turn              (no ring)

@: berserking, very quick
A: large, unfitting armour, claws 3, blurry vision 1, dopey 1, fast metabolism
3, frail 1, gourmand, regeneration 1, shaggy fur 1, tough skin 3
a: Berserk, Trog's Hand, Brothers in Arms, Renounce Religion


You were in the Dungeon.
You worshipped Trog.
Trog was extremely pleased with you.
You were full.

You visited 1 branch You collected 972 gold pieces.

Inventory:

Armour
 a - a +0 animal skin (worn)
Scrolls
 h - a scroll of blinking
Potions
 c - a potion of curing
 d - a potion of heal wounds
 e - a potion of haste
 f - 2 potions of magic
 g - a potion of berserk rage
Comestibles
 b - 2 rations


   Skills:
 + Level 10.1 Fighting
 + Level 10.1 Dodging
 + Level 12.1 Unarmed Combat


You had 8 spell levels left.
You didn't know any spells.
Your spell library was empty.

Dungeon Overview and Level Annotations

Branches:
Dungeon (1/1)

Altars:
Cheibriados
Dithmenos
Elyvilon
Fedhas
Gozag
Hepliaklqana
Kikubaaqudgha
Makhleb
Nemelex Xobeh
Okawaru
Qazlal
Ru
Sif Muna
Trog
Uskayaw
Vehumet
Wu Jian
Xom
Yredelemnul
Zin
The Shining One
Beogh
Jiyva
Lugonu

Shops:
D ?=([!*?%:![=(}[


Innate Abilities, Weirdness & Mutations

You are too large for most types of armour.
You have claws for hands.
Your metabolism is lightning-fast.
You like to eat raw meat.
Your natural rate of healing is unusually fast.
You are covered in fur. (AC +1)
You have extremely tough skin. (AC +3)
Scrolls take you a little longer to read.
You are dopey. (Int -2)
You are frail. (-10% HP)


Message History

You kill the yaktaur!
Trog accepts your kill.
Your Fighting skill increases to level 10!
Your Dodging skill increases to level 10!
Your Unarmed Combat skill increases to level 12!
You have reached level 9!
Your experience leads to an increase in your attributes!
Your base attributes are Str 27, Int 3, Dex 10.
Increase (S)trength, (I)ntelligence, or (D)exterity?
You feel agile.
You feel stronger. The polar bear bites you!
* * * LOW HITPOINT WARNING * * *
The polar bear misses you. The polar bear barely misses you.
Unknown command.
You scratch the polar bear.
The polar bear is lightly wounded.
You completely miss the polar bear.
The polar bear is lightly wounded.
The polar bear bites you!!
You die... ##..# ...# ...# ## ...####..#####..# $# #'###.##..#E$+..# .# ?$ #.##...#..# #..# .# $?[!

.<.'.#.+..####.^##.#▓((((
#.##.).#....###^..##▓▓▓▓▓
#'###.##......≈≈≈≈≈≈≈≈≈≈≈
.#.####≈≈..§§.≈#h########
.#..#≈≈≈≈≈≈§§§≈#@h._._..#
.#.##≈≈≈≈§§≈≈.≈#.._._._.#
#'##≈≈≈§§≈≈§§§§#._._._._#
≈≈≈≈≈≈≈§§≈≈≈§≈§#_._._._.#
+#+++#≈≈≈§≈≈§§§#._._._..#


zzz ##≈≈≈###≈§#_._._...# zzz ##≈≈# #§§#._._.... ≈°zz §≈# #≈≈#_._..... ≈°○§ ≈≈≈
≈≈≈######### You could see 2 polar bears.

Vanquished Creatures
  A merfolk siren (D)
  A yaktaur (D)
  2 tyrant leeches (D)
  A polar bear (D)
  A hornet (D)
  4 neqoxecs (D)
  Menkaure (D)
  3 worms (D)
14 creatures vanquished.

Vanquished Creatures (others)
  A crocodile (D)
1 creature vanquished.

Grand Total: 15 creatures vanquished

Notes
Turn   | Place    | Note
-------+----------+-------------------------------------------
     0 | D        | nuthulu the Troll Berserker began the quest for the Orb.
     0 | D        | Reached XP level 1. HP: 22/22 MP: 0/0
     3 | D        | Noticed a merfolk siren
    11 | D        | Killed a merfolk siren
    11 | D        | Reached skill level 8 in Unarmed Combat
    11 | D        | Reached XP level 2. HP: 28/37 MP: 1/1
    11 | D        | Reached XP level 3. HP: 34/45 MP: 2/2
    11 | D        | Reached XP level 4. HP: 40/53 MP: 3/3
    11 | D        | Reached XP level 5. HP: 47/61 MP: 4/4
    11 | D        | Reached XP level 6. HP: 52/68 MP: 5/5
    44 | D        | Reached ** piety under Trog
    68 | D        | Noticed a tyrant leech
    68 | D        | Noticed a tyrant leech
    76 | D        | Killed a tyrant leech
    76 | D        | Reached *** piety under Trog
    76 | D        | Reached skill level 9 in Unarmed Combat
    76 | D        | Reached XP level 7. HP: 79/79 MP: 6/6
    86 | D        | Killed a tyrant leech
    86 | D        | Reached skill level 10 in Unarmed Combat
   260 | D        | Noticed a neqoxec
   260 | D        | Noticed a neqoxec
   260 | D        | Noticed a neqoxec
   260 | D        | Noticed a neqoxec
   263 | D        | Killed a neqoxec
   265 | D        | Killed a neqoxec
   266 | D        | Gained mutation: Scrolls take you a little longer to read.
                  | [a neqoxec]
   267 | D        | Lost intelligence.
   268 | D        | Gained mutation: You are frail. (-10% HP) [a neqoxec]
   273 | D        | Killed a neqoxec
   273 | D        | Reached **** piety under Trog
   273 | D        | Reached XP level 8. HP: 82/82 MP: 7/7
   274 | D        | Gained mutation: You are dopey. (Int -2) [a neqoxec]
   276 | D        | Reached skill level 11 in Unarmed Combat
   308 | D        | Noticed an ice statue
   310 | D        | Noticed Menkaure
   312 | D        | Killed Menkaure
   315 | D        | Found Wics's Antique Weapon Shop.
   315 | D        | Found Wiplia's Gadget Boutique.
   315 | D        | Found Bapixt's Antique Armour Shop.
   316 | D        | Found Teumiesm's Distillery.
   316 | D        | Found Zookitti's Antique Armour Shop.
   316 | D        | Found Yhyfa's Jewellery Boutique.
   317 | D        | Found Nusihoarph's Magic Scroll Shop.
   317 | D        | Found Ymif's Food Boutique.
   317 | D        | Found Udul Egi's Assorted Antiques.
   317 | D        | Found Jupsulas's Book Shop.
   318 | D        | Found Boamit's Antique Armour Shop.
   318 | D        | Found Esui's Distillery.
   318 | D        | Found Mackus's Weapon Boutique.
   319 | D        | Found Rimaeth's Jewellery Shop.
   319 | D        | Found Kalegen's Magic Scroll Boutique.
   333 | D        | Noticed a flying skull
   333 | D        | Noticed a flying skull
   333 | D        | Noticed a flying skull
   333 | D        | Noticed a flying skull
   333 | D        | Noticed a flying skull
   333 | D        | Noticed a flying skull
   333 | D        | Noticed a flying skull
   334 | D        | Noticed a flying skull
   334 | D        | Noticed a flying skull
   334 | D        | Noticed a flying skull
   334 | D        | Noticed a flying skull
   338 | D        | Noticed a flying skull
   343 | D        | Found a glowing silver altar of Zin.
   354 | D        | Found a glowing golden altar of the Shining One.
   354 | D        | Found a basalt altar of Yredelemnul.
   354 | D        | Found a hide-covered altar of Uskayaw.
   355 | D        | Found a shimmering altar of Xom.
   355 | D        | Found a bloodstained altar of Trog.
   355 | D        | Found a radiant altar of Vehumet.
   355 | D        | Found a burning altar of Makhleb.
   356 | D        | Found an ornate altar of the Wu Jian Council.
   356 | D        | Found a deep blue altar of Sif Muna.
   356 | D        | Found a corrupted altar of Lugonu.
   357 | D        | Found a sacrificial altar of Ru.
   357 | D        | Found an ancient bone altar of Kikubaaqudgha.
   357 | D        | Found a white marble altar of Elyvilon.
   358 | D        | Found a stormy altar of Qazlal.
   358 | D        | Found a viscous altar of Jiyva.
   358 | D        | Found a shadowy altar of Dithmenos.
   359 | D        | Found a hazy altar of Hepliaklqana.
   359 | D        | Found a snail-covered altar of Cheibriados.
   360 | D        | Found a roughly hewn altar of Beogh.
   363 | D        | Noticed an iron elemental
   367 | D        | Noticed a yaktaur
   367 | D        | Noticed a hornet
   367 | D        | Noticed a polar bear
   367 | D        | Noticed a polar bear
   369 | D        | Found a sparkling altar of Nemelex Xobeh.
   369 | D        | Found a blossoming altar of Fedhas.
   370 | D        | Found an iron altar of Okawaru.
   370 | D        | Found an opulent altar of Gozag.
   370 | D        | Noticed a polar bear
   376 | D        | Killed a polar bear
   378 | D        | Killed a hornet
   378 | D        | Reached ***** piety under Trog
   381 | D        | Killed a yaktaur
   381 | D        | Reached skill level 10 in Fighting
   381 | D        | Reached skill level 10 in Dodging
   381 | D        | Reached skill level 12 in Unarmed Combat
   381 | D        | Reached XP level 9. HP: 12/90 MP: 8/8
   381 | D        | HP: 5/135 [polar bear (7)]
   383 | D        | Demolished by a polar bear

Skill      XL: |  1  2  3  4  5  6  7  8 |
---------------+-------------------------+-----
Fighting       | 6 7 9 10 | 10.1
Dodging        | 6 7 9 10 | 10.1
Unarmed Combat | 8 9 10 12 | 12.1

Action                   |  1- 3 |  4- 6 |  7- 9 || total
-------------------------+-------+-------+-------++-------
Melee: Unarmed           |     6 |    12 |    29 ||    47
       Punch             |       |     1 |     1 ||     2
Invok: Berserk           |       |     1 |     2 ||     3
  Eat: Chunk             |       |     3 |     5 ||     8
Armor: Animal skin       |       |       |     4 ||     4
Dodge: Dodged            |       |     2 |    26 ||    28
